 Dungeon Crawl Stone Soup version 0.17.1-1-g73c8601 (webtiles) character file.

172 Kurtz the Insei (level 5, -2/41 HPs)
             Began as a Mummy Monk on Oct 8, 2018.
             Slain by a slave (7 damage)
             ... led by Pikel
             ... on level 4 of the Dungeon.
             The game lasted 00:02:41 (2785 turns).

Kurtz the Insei (Mummy Monk)                        Turns: 2785, Time: 00:02:41

Health: -2/41      AC:  4    Str: 14    XL:     5   Next: 27%
Magic:  5/5        EV: 13    Int: 10    God:
Gold:   66         SH:  0    Dex: 15    Spells: 0 memorised, 4 levels left

rFire  x . .     SeeInvis .       - Unarmed
rCold  + . .     Clarity  .     (no armour)
rNeg   + + +     SustAt   .     (no shield)
rPois  ∞         Gourm    .     b - +2 helmet
rElec  .         Spirit   .     d - +0 cloak
rCorr  .         Warding  .     (no gloves)
rMut   .         Stasis   .     (no boots)
MR     .....                    (no amulet)
Stlth  ++........               (no ring)
                                (no ring)

@: not resistant to hostile enchantments, unstealthy
A: no food or potions, fire vulnerability, cold resistance 1, negative energy
resistance 3, torment resistance, unbreathing
a: no special abilities


You were on level 4 of the Dungeon.
You were not hungry.

You visited 1 branch of the dungeon, and saw 4 of its levels.

You collected 66 gold pieces.

Inventory:

Armour
 b - a +2 helmet (worn)
 d - a +0 cloak (worn)
Scrolls
 a - a scroll of recharging
 e - a scroll of magic mapping {unknown}
Books
 c - a book of the Tempests

   Spells                             Type                      Level
   a - Static Discharge               Conjuration/Air              3
   b - Lightning Bolt                 Conjuration/Air              5
   c - Fireball                       Conjuration/Fire             5
   d - Tornado                        Air                          9
   e - Shatter                        Earth                        9
Comestibles
 f - 2 bread rations (quivered)


   Skills:
 - Level 3.0 Fighting
 - Level 2.4 Dodging
 - Level 3.0 Stealth
 * Level 4.9 Unarmed Combat


You had 4 spell levels left.
You didn't know any spells.

Dungeon Overview and Level Annotations

Branches:
Dungeon (4/15)
 Temple: D:4-7

Altars:
Fedhas
Vehumet
Zin

Annotations:
D:4 Pikel


Innate Abilities, Weirdness & Mutations

You do not eat or drink.
Your flesh is vulnerable to fire.
You are immune to poison.
Your flesh is cold resistant.
You are immune to negative energy.
You are immune to unholy pain and torment.
You can survive without breathing.


Message History

Found a glowing dark potion.
The ogre shouts!
The ogre moves out of view.
The jackal skeleton bites you but does no damage.
You barely miss the jackal skeleton. The jackal skeleton closely misses you.
The jackal skeleton bites you but does no damage.
You hit the jackal skeleton. The jackal skeleton misses you.
You barely miss the jackal skeleton. The ogre hits you with a giant club!
* * * LOW HITPOINT WARNING * * *
The jackal skeleton misses you.
You punch the jackal skeleton!
You destroy the jackal skeleton!
Unknown command.
Pikel shouts!
Pikel says, "Why not give it a go?
You'll get fed.
Maybe."
A hound comes into view.
The slave shouts!
You hear a shout!
Found 4 gold pieces.
The slave hits you!
You die...

############
.......!...########
..................#
...h.p.....######.#
.####..###.######.#
#...# #..###.K.......
###...##
#.p........!..##
.##..........p.pO####..#
.##...###...###.@# #...
.......##...# #..# #...
<##.#..##...###..# ##..
.##.#............#
.##...............
....##.##.###.#$.#
.#####.# #.#..# .# #.#
#.#..# .# #p#


You could see Pikel, an ogre and 3 slaves.

Vanquished Creatures
  A scorpion (D:4)
  Jessica (D:2)
  5 adders
  An ooze (D:3)
  A worm (D:2)
  A giant gecko (D:1)
  2 orcs (D:3)
  8 bats
  3 goblins
  4 hobgoblins (D:2)
  A ball python (D:1)
  A giant newt (D:2)
  A jackal skeleton (D:4)
  5 kobolds
  5 rats
40 creatures vanquished.

Notes
Turn   | Place    | Note
--------------------------------------------------------------
     0 | D:1      | Kurtz the Mummy Monk began the quest for the Orb.
     0 | D:1      | Reached XP level 1. HP: 18/18 MP: 1/1
   602 | D:1      | Reached XP level 2. HP: 24/24 MP: 2/2
   790 | D:2      | Reached XP level 3. HP: 10/29 MP: 3/3
  1017 | D:2      | Noticed Jessica
  1031 | D:2      | Killed Jessica
  1031 | D:2      | Reached skill level 4 in Unarmed Combat
  1262 | D:2      | Found a glowing silver altar of Zin.
  1262 | D:2      | Found a radiant altar of Vehumet.
  1262 | D:2      | Found a blossoming altar of Fedhas.
  1611 | D:2      | Reached XP level 4. HP: 24/35 MP: 4/4
  2737 | D:4      | Noticed Pikel
  2737 | D:4      | Noticed a slave
  2738 | D:4      | Noticed a slave
  2739 | D:4      | Noticed a slave
  2741 | D:4      | Noticed a slave
  2759 | D:4      | Reached XP level 5. HP: 18/41 MP: 5/5
  2768 | D:4      | Noticed an ogre
  2785 | D:4      | Slain by a slave

Action                   |  1- 3 |  4- 6 || total
-------------------------+-------+-------++-------
Melee: Unarmed           |    91 |   114 ||   205
  Use: Scroll            |       |     1 ||     1
 Stab: Sleeping          |     5 |     4 ||     9
